 Dungeon Crawl Stone Soup version 0.29-a0-323-g050149af67 (webtiles) character file.

Game seed: 11206620593419988438

101 SkeletonJelly the Covert (level 4, -3/27 HPs)
             Began as a Vampire Delver on Apr 12, 2022.
             Killed by divine providence
             ... invoked by an orc priest
              (12 damage)
             ... on level 4 of the Dungeon.
             The game lasted 00:01:18 (174 turns).

SkeletonJelly the Covert (Vampire Delver)            Turns: 174, Time: 00:01:19

Health: -3/27      AC:  3    Str: 11    XL:     4   Next: 48%
Magic:  4/4        EV: 12    Int: 12    God:
Gold:   8          SH:  0    Dex: 17    Spells: 3/3 levels left

rFire   . . .      SeeInvis +   a - +0 short sword
rCold   + + .      Faith    .   (no shield)
rNeg    + + +      Spirit   .   b - +0 leather armour
rPois   ∞          Reflect  .   (no helmet)
rElec   .          Harm     .   (no cloak)
rCorr   +          Rampage  .   (no gloves)
Will    .....                   (no boots)
Stlth   ++++++....              (no amulet)
HPRegen 0.00/turn               i - ring of resist corrosion
MPRegen 0.09/turn               (no ring)

@: bloodless, inhibited regen
A: bloodless, fangs 3, see invisible, vampiric 2
a: Bat Form, Revivify


You were on level 4 of the Dungeon.
You visited 1 branch of the dungeon, and saw 2 of its levels.

You collected 8 gold pieces.

Inventory:

Hand Weapons
 a - a +0 short sword (weapon)
Armour
 b - a +0 leather armour (worn)
Jewellery
 i - a ring of resist corrosion (left hand)
Wands
 g - a wand of digging (3)
 j - a wand of flame (8)
Scrolls
 c - a scroll of fog
 d - a scroll of magic mapping
 e - a scroll of fear
Potions
 f - a potion of haste
 h - 2 potions of mutation {unknown}


   Skills:
 - Level 2.6 Fighting
 * Level 4.4 Short Blades
 - Level 2.1 Dodging
 + Level 8.3 Stealth


You had 3 spell levels left.
You didn't know any spells.
Your spell library was empty.

Dungeon Overview and Level Annotations

Branches:
Dungeon (5/15)
 Temple: D:4-7

Altars:


Innate Abilities, Weirdness & Mutations

You do not regenerate when monsters are visible.
You are frail without blood (-20% HP).
You can heal yourself when you bite living creatures.
You are immune to poison.
You have razor-sharp teeth.
You have supernaturally acute eyesight. (SInv)
You are afflicted with vampirism and can become a bat while bloodless.


Message History

Found 8 gold pieces.
Unknown command.
Unknown command.
An iguana comes into view.
An iguana is nearby!
An iguana is nearby!
An iguana is nearby!
An iguana is nearby!
You strike the helpless iguana from behind!
You bite the iguana, and draw its blood!
You feel better.
You puncture the iguana!
You kill the iguana!
Health restored: 27 No target in view!
No target in view!
No target in view!
No target in view!
No target in view!
You now have 8 gold pieces.
An orc priest and a dart slug come into view.
The dart slug moves out of view.
An orc priest is nearby!
An orc priest is nearby!
An orc priest is nearby!
An orc priest is nearby!
An orc comes into view. It is wielding a +0 dagger.
An orc comes into view. It is wielding a +0 short sword.
Found 12 gold pieces.
Found a jewelled bone wand and an orange potion.
h - 2 smoky green potions A ball python and 5 orcs come into view.
Found a stone staircase leading up.
You see here a ring of resist corrosion.
i - a ring of resist corrosion The orc shouts! x2; You hear a shout!
The orc shouts!
You hear a shout!
You hear a shout! x2
i - a ring of resist corrosion (left hand)
You see here a wand of flame (8).
j - a wand of flame (8)
You closely miss the orc.
The orc priest shouts!
You bite the orc.
You draw the orc's blood!
The orc is lightly wounded.
The orc hits you but does no damage.
The ball python attacks as you move away!
The ball python bites you but does no damage.
The orc hits you but does no damage.
The ball python attacks as you move away!
The ball python closely misses you. The ball python barely misses you.
The ball python attacks as you move away!
The ball python bites you but does no damage.
The ball python closely misses you. x2
The orc attacks as you move away! The orc barely misses you.
The ball python attacks as you move away!
The ball python misses you. The orc attacks as you move away!
The orc hits you with a +0 club.
You take 3 damage, and have 24/27 hp.
The orc attacks as you move away! The orc closely misses you.
The ball python attacks as you move away!
The ball python bites you.
You take 1 damage, and have 23/27 hp.
The ball python bites you. The ball python grabs you.
The ball python constricts you.
You take 2 damage, and have 21/27 hp.
You escape the ball python's grasp.
An orc wizard comes into view. It is wielding a +0 dagger.
The ball python attacks as you move away!
The ball python bites you. The ball python barely misses you.
You take 1 damage, and have 20/27 hp.
The ball python attacks as you move away!
The ball python bites you.
You take 2 damage, and have 18/27 hp.
The ball python barely misses you. The ball python grabs you.
The ball python constricts you.
You escape the ball python's grasp.
You completely miss the ball python.
The ball python bites you but does no damage.
The ball python grabs you. The ball python constricts you.
You escape the ball python's grasp.
The orc misses you. The orc barely misses you.
The orc attacks as you move away! The orc hits you but does no damage.
The ball python attacks as you move away!
The ball python barely misses you.
Found a whip.
The ball python closely misses you. The ball python grabs you.
The ball python constricts you.
You escape the ball python's grasp.
The orc priest calls down the wrath of Beogh upon you.
Beogh smites you!
You take 9 damage, and have 9/27 hp.
MASSIVE DAMAGE!!
The ball python attacks as you move away!
The ball python bites you but does no damage.
The ball python closely misses you.
You see here an iguana corpse.
The ball python attacks as you move away!
The ball python barely misses you.
The orc priest mumbles some strange prayers to Beogh against you.
Beogh smites you!
You die...

.....##..##...........####.....#
...............#...............#
.......#.......##..........#...
...........###..........##..#
..<..o.. #..#......##....#
.........##........o..##
..$.....# #......#...####
.........##...#####.....###
........@S.#####.......#
..........#oo.oo........
........................
.......................
.......................
.........^....##.......
............... #......
....#.##....#... #.##.. #.
.)...#.... ..


You could see an orc priest, 3 orcs and a ball python.

Vanquished Creatures
  A jelly (D:5)
  2 iguanas
  An adder (D:5)
  A gnoll (D:5)
5 creatures vanquished.

Notes
Turn   | Place    | Note
-------+----------+-------------------------------------------
     0 | D:5      | SkeletonJelly the Vampire Delver began the quest for the
                  | Orb.
     0 | D:5      | Reached XP level 1. HP: 17/17 MP: 1/1
    31 | D:5      | Noticed a jelly
    33 | D:5      | Killed a jelly
    34 | D:5      | Reached XP level 2. HP: 18/18 MP: 2/2
    34 | D:5      | Gained mutation: You are afflicted with vampirism and can
                  | become a bat while bloodless. [Vampire growth]
    34 | D:5      | Reached XP level 3. HP: 22/22 MP: 3/3
    41 | D:5      | Reached skill level 8 in Stealth
    81 | D:5      | Reached XP level 4. HP: 23/27 MP: 4/4
   174 | D:4      | Killed from afar by an orc priest

Illustrated notes

Levels and vault maps discovered:
D:4:      layout_cave_pools, gammafunk_ghost_mausoleum
D:5:      layout_basic, serial_shops, nicolae_diamond_shop, uniq_grinder

Skill      XL: |  1  2  3 |
---------------+----------+-----
Short Blades   | 3 4 |  4.4
Stealth        | 8 |  8.3
Fighting       | |  2.6
Dodging        | |  2.1

Action                   |  1- 3 |  4- 6 || total
-------------------------+-------+-------++-------
Melee: Short sword       |     4 |     3 ||     7
       Bite              |       |     1 ||     1
 Abil: Exsanguinate      |     1 |       ||     1
 Stab: Sleeping          |     4 |       ||     4
       Distracted        |       |     1 ||     1
Armor: Leather armour    |       |     7 ||     7
Dodge: Dodged            |       |    16 ||    16

Table legend: (Time is in decaauts)
 A = Elapsed time spent in this place.
 B = Non-inter-level travel time spent in this place.
 C = Inter-level travel time spent in this place.
 D = Time resting spent in this place.
 E = Time spent auto-exploring this place.
 F = Levels seen in this place.
 G = Mean time per level.
                   A        B        C        D        E       F      G
               +--------+--------+--------+--------+--------+-----+--------+
         Total |    172 |    172 |      0 |      0 |     70 |   2 |   86.0 |
       Dungeon |    172 |    172 |      0 |      0 |     70 |   2 |   86.0 |
               +--------+--------+--------+--------+--------+-----+--------+

Top non-repeatable levels by time:
     D:5: 87 daAuts
     D:4: 84 daAuts
